Cogmind - Beta 12 X1 @@@ ROGUE MODE // 2022.08.22 @ 15:48:38 Player: Exp. Geonium Core Result: Destroyed by D-53 Grenadier with Mini Grenade Launcher Performance ------------- Evolutions (1) 500 Regions Visited (4) 800 Robots Destroyed (27) 135 Value Destroyed (494) 494 Prototype IDs (2) 40 Alien Tech Used (0) 0 Bonus (0) 0 TOTAL SCORE: 1969 Bonus ------- None Cogmind --------- Core Integrity 0/400 Matter 280/300 Energy 69/100 System Corruption 6% Temperature Cool (0) Movement Core (50) Location -9/Mines Parts ------- > --- POWER (1) -------- (None) > --- PROPULSION (3) --- Improved Treads > --- UTILITY (2) ------ (None) > --- WEAPON (3) ------- Flail > --- INVENTORY (5) ---- Nuclear Core Improved Light Armor Plating Improved Light Armor Plating Peak State ------------ > --- POWER ------------ Nuclear Core > --- PROPULSION ------- Light Treads Light Treads Light Treads > --- UTILITY ---------- Improved Heat Sink Medium Storage Unit > --- WEAPON ----------- Improved Medium Laser Improved Medium Laser Grenade Launcher > --- INVENTORY -------- Light Ion Engine Nuclear Core Light Treads Improved Treads Improved Light Armor Plating Improved Light Armor Plating Improved Light Armor Plating Grenade Launcher Grenade Launcher Flail [Rating: 19] Favorites ----------- Power Nuclear Core Engine Ion Engine Power Core Nuclear Core Propulsion Light Treads Treads Light Treads Leg Aluminum Leg Utility Improved Heat Sink Device Improved Heat Sink Storage Small Storage Unit Weapon Small Laser Energy Gun Small Laser Ballistic Gun Heavy Assault Rifle Launcher Grenade Launcher Build | -11 -10 -10 -9 -9 ------- Run | Scr Mat Min Mat Min Slots Evolved 2 | . . . 2 . Power . | . . . . . Propulsion 1 | . . . 1 . Utility . | . . . . . Weapon 1 | . . . 1 . Parts Attached 19 | . 2 3 7 7 Power 1 | . . . 1 . Engine . | . . . . . Core 1 | . . . 1 . Reactor . | . . . . . Propulsion 6 | . . 2 1 3 Treads 6 | . . 2 1 3 Leg . | . . . . . Wheel . | . . . . . Hover . | . . . . . Flight . | . . . . . Utility 3 | . 1 1 1 . Device 2 | . 1 1 . . Storage 1 | . . . 1 . Processor . | . . . . . Hackware . | . . . . . Protection . | . . . . . Artifact . | . . . . . Weapon 9 | . 1 . 4 4 Energy Gun 4 | . 1 . 3 . Energy Cannon . | . . . . . Ballistic Gun 1 | . . . . 1 Ballistic Cannon . | . . . . . Launcher 3 | . . . 1 2 Special Weapon . | . . . . . Impact Weapon 1 | . . . . 1 Slashing Weapon . | . . . . . Piercing Weapon . | . . . . . Special Melee Weapon . | . . . . . Unidentified Prototypes 2 | . . . 2 . Parts Lost 16 | . 1 2 . 13 Power 1 | . . . . 1 Propulsion 7 | . . 2 . 5 Utility 1 | . . . . 1 Weapon 7 | . 1 . . 6 Highest Loss Streak 13 | . 1 2 . 13 To Critical Strikes . | . . . . . Average Slot Usage (%) 92 | . 91 98 100 46 Engine 5 | . 14 14 . . Core 5 | . . . 10 3 Treads 19 | . . 11 33 16 Leg 9 | . 28 15 . . Device 10 | . 6 14 11 5 Storage 11 | . 14 14 11 6 Energy Gun 22 | . 27 28 22 9 Launcher 5 | . . . 11 3 Naked Turns 33 | . . . . 33 Heaviest Build 27 | 13 13 13 27 27 Greatest Support 60 | 20 20 40 60 60 Greatest Overweight (x) . | . . . . . Average Overweight (x) . | . . . . . Largest Inventory Capacity 10 | . 8 8 10 10 Average Capacity 8 | . 8 8 9 7 Most Carried 10 | . 8 8 10 10 Average Carried 7 | . 7 7 8 6 Final Capacity 10 | 8 8 8 10 5 Final Carried 10 | 6 8 7 10 3 Class Distribution -------------------- 100% | Mutant Dominant Class ---------------- Mutant | -10/Materials Mutant | -10/Mines Mutant | -9/Materials Mutant | -9/Mines Resources | -11 -10 -10 -9 -9 ----------- Run | Scr Mat Min Mat Min Matter Collected 478 | 192 20 30 80 156 Remotely . | . . . . . Salvage Created 846 | . 213 84 504 45 Parts 52 | . 11 7 28 6 Haulers Intercepted 3 | . 1 . 2 . Recyclers Shooed 5 | . 3 1 1 . Parts Field Recycled . | . . . . . Retrieved Matter . | . . . . . Parts Self-Destructed . | . . . . . Prevented . | . . . . . Kills | -11 -10 -10 -9 -9 ------- Run | Scr Mat Min Mat Min Combat Hostiles Destroyed 34 | . 4 2 10 18 Guns 14 | . 4 2 7 1 AOE 20 | . . . 3 17 Classes Destroyed 8 | . 3 . 4 1 Worker 2 | . . . 2 . Hauler 3 | . 1 . 2 . Recycler 1 | . . . 1 . Operator 1 | . . . 1 . Swarmer 11 | . 1 . 6 4 Grunt 7 | . 3 2 2 . Sentry 2 | . . . 2 . Assembled 14 | . . . . 14 Best Kill Streak 18 | . 2 2 10 18 Combat Bots Only 18 | . 2 2 6 18 Max Kills in Single Turn 3 | . 1 1 3 3 Gunslinging . | . . . . . Exploded 3 | . . . 3 3 Melee . | . . . . . Uniques/NPCs Destroyed . | . . . . . Combat | -11 -10 -10 -9 -9 -------- Run | Scr Mat Min Mat Min Damage Taken 2235 | . 359 117 175 1584 Core 493 | . 69 23 14 387 Absorbed by Shields . | . . . . . Core Remaining (%) 81 | 100 . 63 . . Volleys Fired 76 | . 26 6 24 20 Largest 2 | . 2 2 2 2 Hottest 112 | . 80 80 112 79 Shots Fired 131 | . 50 12 46 23 Gun 113 | . 50 12 44 7 Cannon . | . . . . . Launcher 18 | . . . 2 16 Special . | . . . . . Kinetic 3 | . . . . 3 Thermal 95 | . 35 12 44 4 Explosive 18 | . . . 2 16 Electromagnetic 15 | . 15 . . . Robot Hit Streak 12 | . 8 6 12 5 Robot Miss Streak 3 | . 3 3 2 2 Penetration Max . | . . . . . Secondary Targets 2 | . 1 1 . . Max Gunslinging Chain 1 | . 1 1 . . Shots Hit Robots 87 | . 35 8 30 14 Core Hits 83 | . 11 5 20 47 Critical Kills . | . . . . . Critical Parts Destroyed . | . . . . . Critical Strikes 3 | . 1 . 2 . Burn 2 | . . . 2 . Corrupt 1 | . 1 . . . Melee Attacks . | . . . . . Impact . | . . . . . Slashing . | . . . . . Piercing . | . . . . . Sneak Attacks . | . . . . . Combat Hostiles . | . . . . . Follow-up Attacks . | . . . . . Damage Inflicted 2662 | . 475 94 627 1466 Guns 1059 | . 411 88 481 79 Cannons . | . . . . . Explosions 1540 | . 51 . 146 1343 Melee . | . . . . . Ramming 63 | . 13 6 . 44 Kinetic 29 | . . . . 29 Thermal 911 | . 292 88 481 50 Explosive 1489 | . . . 146 1343 Electromagnetic 170 | . 170 . . . Impact . | . . . . . Slashing . | . . . . . Piercing . | . . . . . Highest Corruption 6 | . . . . 6 Average Corruption 5 | . . . . 5 Corruption Purged . | . . . . . Corruption Blocked . | . . . . . Effects 1 | . . . . 1 Message Errors 1 | . . . . 1 Overload Shots . | . . . . . Overflow Damage 69 | . . . . 69 Projectiles . | . . . . . Explosions 69 | . . . . 69 Melee . | . . . . . Knockbacks . | . . . . . Impact . | . . . . . Kinetic . | . . . . . Secondary . | . . . . . Self-Inflicted Damage 212 | . 54 . . 158 Shots 6 | . 1 . . 5 Rammed 13 | . . . . 13 Targets Rammed 20 | . 6 1 . 13 Kicked 7 | . 6 1 . . Crushed . | . . . . . Highest Temperature 303 | . 303 22 42 . Average Temperature 76 | . 137 12 13 . Received Heat Transfer 267 | . 159 66 42 . Effects 1 | . 1 . . . Energy Bleed 1 | . 1 . . . Siege Activations . | . . . . . Robots Corrupted . | . . . . . Combat Hostiles . | . . . . . Parts Fried . | . . . . . Impact Corruptions . | . . . . . Robots Melted . | . . . . . Combat Hostiles . | . . . . . Parts Melted 5 | . 1 . 4 . Heat Transferred 2122 | . 600 200 1211 111 Parts Sabotaged . | . . . . . Parts Stolen . | . . . . . Parts Stripped . | . . . . . Power Chain Reactions 1 | . 1 . . . Missiles Intercepted . | . . . . . Alert | -11 -10 -10 -9 -9 ------- Run | Scr Mat Min Mat Min Peak Influence 341 | . 145 86 341 231 Initial 72 | . . 56 33 72 Average 135 | . 78 68 179 169 Maximum Alert Level 1 | . . . 1 1 Low Security (%) 83 | . 100 100 71 69 Level 1 16 | . . . 28 30 Level 2 . | . . . . . Level 3 . | . . . . . Level 4 . | . . . . . Level 5 . | . . . . . High Security . | . . . . . Max Security . | . . . . . Squads Dispatched 3 | . 1 . 2 . Investigation 1 | . 1 . . . Extermination . | . . . . . Reinforcement 2 | . . . 2 . Assault . | . . . . . Garrison . | . . . . . Intercept . | . . . . . Searches Triggered . | . . . . . Construction Impeded . | . . . . . Haulers Reinforced . | . . . . . Active Scanning Responses . | . . . . . Cargo Convoy Interrupts . | . . . . . Stealth | -11 -10 -10 -9 -9 --------- Run | Scr Mat Min Mat Min Distress Signals 4 | . 1 . 3 . Communications Jammed . | . . . . . Distress Signals . | . . . . . Times Spotted 49 | . 6 2 14 27 Peak Tracking Total 9 | . 3 2 5 9 Tactical Retreats 3 | . . . 1 2 Traps | -11 -10 -10 -9 -9 ------- Run | Scr Mat Min Mat Min Traps Triggered . | . . . . . Indirectly . | . . . . . Trap Hack Attempts . | . . . . . Triggered . | . . . . . Disarmed . | . . . . . Reprogrammed . | . . . . . Reused . | . . . . . Traps Extracted . | . . . . . Installed . | . . . . . Triggered . | . . . . . Machines | -11 -10 -10 -9 -9 ---------- Run | Scr Mat Min Mat Min Machines Disabled . | . . . . . Max in Single Turn . | . . . . . Machines Sabotaged . | . . . . . Garrisons Compromised . | . . . . . Overloaded Fab Kills . | . . . . . Hacking | -11 -10 -10 -9 -9 --------- Run | Scr Mat Min Mat Min Machines Accessed 3 | . 1 . 2 . Terminals 3 | . 1 . 2 . Fabricators . | . . . . . Repair Stations . | . . . . . Recycling Units . | . . . . . Scanalyzers . | . . . . . Garrison Access . | . . . . . Total Hacks 5 | . 2 . 3 . Successful 3 | . . . 3 . Failed 2 | . 2 . . . Catastrophic 1 | . 1 . . . Database Lockouts . | . . . . . Manual 5 | . 2 . 3 . Terminals 5 | . 2 . 3 . Fabricators . | . . . . . Repair Stations . | . . . . . Recycling Units . | . . . . . Scanalyzers . | . . . . . Garrison Access . | . . . . . Terminal Hacks 3 | . . . 3 . Robot Analysis 2 | . . . 2 . Branch Access Points 1 | . . . 1 . Fabricator Hacks . | . . . . . Repair Station Hacks . | . . . . . Recycling Unit Hacks . | . . . . . Scanalyzer . | . . . . . Garrison Access Hacks . | . . . . . Unauthorized Hacks . | . . . . . Terminals . | . . . . . Fabricators . | . . . . . Repair Stations . | . . . . . Recycling Units . | . . . . . Scanalyzers . | . . . . . Garrison Access . | . . . . . Data Cores Recovered 1 | . . . 1 . Used 1 | . . . 1 . Hacking Detections 2 | . 1 . 1 . Full Trace Events 1 | . 1 . . . Feedback Events . | . . . . . Feedback Blocked . | . . . . . Robot Schematics Acquired . | . . . . . Robots Built . | . . . . . Authchips . | . . . . . Time . | . . . . . Total Robot Build Rating . | . . . . . Part Schematics Acquired . | . . . . . Parts Built . | . . . . . Authchips . | . . . . . Time . | . . . . . Total Part Build Rating . | . . . . . Parts Repaired . | . . . . . Time . | . . . . . Parts Recycled . | . . . . . Recycled Matter . | . . . . . Retrieved Matter . | . . . . . Retrieved Components . | . . . . . Parts Scanalyzed . | . . . . . Part Schematics Acquired . | . . . . . Parts Damaged . | . . . . . Bothacking | -11 -10 -10 -9 -9 ------------ Run | Scr Mat Min Mat Min Used RIF Installer . | . . . . . Robots Hacked . | . . . . . Non-combat . | . . . . . Combat . | . . . . . Robot Hacks Applied . | . . . . . Relay Couplers Released . | . . . . . Fabnet Peak Effective % . | . . . . . Robots Rewired . | . . . . . Allies Hacked . | . . . . . Hacks Repelled . | . . . . . Allies | -11 -10 -10 -9 -9 -------- Run | Scr Mat Min Mat Min Total Allies . | . . . . . Largest Group . | . . . . . Highest-Rated Group . | . . . . . Highest-Rated Ally . | . . . . . Total Orders . | . . . . . Ally Attacks . | . . . . . Total Damage . | . . . . . Kills . | . . . . . Allies Corrupted . | . . . . . Allies Melted . | . . . . . Intel | -11 -10 -10 -9 -9 ------- Run | Scr Mat Min Mat Min Robot Analysis Total 2 | . . . 2 . Derelict Logs Recovered 1 | . . . . 1 Drone Launches . | . . . . . Drone Recoveries . | . . . . . Exploration | -11 -10 -10 -9 -9 ------------- Run | Scr Mat Min Mat Min Turns Passed 1130 | . 256 206 551 117 Spaces Moved 561 | 1 129 137 225 69 Core 58 | . . . . 58 Treads 285 | . . 49 225 11 Legs 218 | 1 129 88 . . Wheels . | . . . . . Hover . | . . . . . Flight . | . . . . . Fastest Speed 50 | 120 120 120 160 50 Average Speed 133 | 120 120 134 160 67 Slowest Speed 160 | 120 120 160 160 160 Overloaded Moves . | . . . . . Propulsion Burnouts . | . . . . . Robots Hopped . | . . . . . Cave-ins Triggered . | . . . . . Exploration Rate (%) 26 | 2 32 50 22 24 Regions Visited 4 Branch Regions 2 Pre-discovered Areas . | . . . . . Known Exits Taken 1 | . . . 1 . Unknown Exits Taken 3 | 1 1 1 . . Scrap Searched 1 | . . 1 . . Spaces Dug 5 | . . . 5 . Terrain Destroyed 73 | . 6 . 10 57 Melee . | . . . . . Projectile . | . . . . . AOE 73 | . 6 . 10 57 Terrain Rammed . | . . . . . Walls Destroyed . | . . . . . Machines Disabled . | . . . . . Actions | -11 -10 -10 -9 -9 --------- Run | Scr Mat Min Mat Min Total 815 | . 179 146 373 117 Wait 119 | . 12 . 100 7 Move 557 | . 128 136 224 69 Hop . | . . . . . Pick Up 13 | . 4 . 9 . Fast Attach 5 | . 1 . 4 . Attach 12 | . 1 2 2 7 Detach . | . . . . . Swap 2 | . . 1 1 . Drop 11 | . 1 . 9 1 Fire 76 | . 26 6 24 20 Melee . | . . . . . Ram 13 | . . . . 13 Kick 7 | . 6 1 . . Crush . | . . . . . Escape Stasis . | . . . . . Rewire . | . . . . . Trap . | . . . . . Miscellaneous . | . . . . . Route ------- -11/Scrapyard -10/Materials -10/Mines -9/Materials (discovered 3 exits: *Min x2 / Sto) -9/Mines (discovered 1 exit: [*Mat]) History --------- Turn | Location | Event 1 | -11/Scrapyard | Discovered new exit (range 0) 1 | -11/Scrapyard | Entered Materials 175 | -10/Materials | Discovered new exit (range 16) 257 | -10/Materials | Entered Mines 310 | -10/Mines | Build established: Mutant 416 | -10/Mines | Discovered new exit (range 14) 463 | -10/Mines | Entered Materials 463 | -9/Materials | Evolved 2 slots: Propulsion x1, Weapon x1 637 | -9/Materials | Identified exit to Mines 637 | -9/Materials | Identified exit to Storage 1014 | -9/Materials | Entered Mines 1025 | -9/Mines | Assembled infested the area 1081 | -9/Mines | Destroyed 18 combat bots 1100 | -9/Mines | Core integrity fell below 50% 1104 | -9/Mines | Discovered new exit (range 5) 1105 | -9/Mines | Core integrity fell below 20% 1112 | -9/Mines | Learned Materials stockpile data 1127 | -9/Mines | Lost 13 parts (1p5n1u6w) 1131 | -9/Mines | Destroyed by D-53 Grenadier with Mini Grenade Launcher Last Messages --------------- 01091_ Acquired 28 matter. 01092_ Slammed into R-06 Scavenger. 01092_ Destabilizing: Core damaged (-20). 01092_ R-06 Scavenger destroyed. 01093_ Slammed into as-87533. 01094_ Destabilizing: System corrupted (+1). 01095_ Slammed into as-13932. 01096_ Acquired 59 matter. 01096_ Slammed into as-13932. 01096_ Lgt. Treads destroyed. 01096_ System corrupted by crushing effect (+5). 01097_ Slammed into as-13932. 01103_ as-87533 destroyed. 01104_ Slammed into as-13932. 01104_ EXIT=FOUND 01105_ as-13932 destroyed. 01106_ |E|7ENL6V|MWNPXG